SA
TENNESSEE SMOKIES @ LEVITTOWN BLUE DRAGONS
06/19/2042
 
TOP OF THE 1ST
Tennessee Smokies batting - Pitching for Levittown Blue Dragons : RHP Francisco Díaz
Pitching: RHP Francisco Díaz
Batting: LHB Royce Rolls 0-0: Bunted foul
0-1: Ground out 6-3 (Groundball, 6, EV 99.4 MPH)
Batting: LHB Jason Durkin 0-0: Ball
1-0: Ball
2-0: Ball
3-0: Called Strike
3-1: Foul Ball, location: 2F
3-2: Foul Ball, location: 2F
3-2: Fly out, F8 (Flyball, 89M, EV 83.8 MPH)
Batting: SHB Rafael Villa 0-0: Called Strike
0-1: Foul Ball, location: 2F
0-2: Foul Ball, location: 2F
0-2: Ball
1-2: Foul Ball, location: 2F
1-2: Ball
2-2: Ball
3-2: SINGLE (Flyball, 89S, EV 89.4 MPH)
Batting: RHB Benigno Bachelay 0-0: Ball
1-0: Ball
2-0: Called Strike
2-1: Foul Ball, location: 2F
2-2: Fly out, F9 (Line Drive, 9, EV 98.1 MPH)
Top of the 1st over - 0 runs, 1 hit, 0 errors, 1 left on base; Tennessee 0 - Levittown 0
BOTTOM OF THE 1ST
Levittown Blue Dragons batting - Pitching for Tennessee Smokies : LHP Jude Twitchen
Pitching: LHP Jude Twitchen
Batting: LHB Josh Hall 0-0: Called Strike
0-1: SINGLE (Groundball, 4MD, EV 97.5 MPH)
Batting: RHB Aaron Attyte 0-0: Called Strike
0-1: Ball
1-1: Called Strike
1-2: Fly out, F9 (Line Drive, 9, EV 97.5 MPH)
Batting: RHB Ramón Gabriel 0-0: Ball
Wild Pitch!
Josh Hall to second
1-0: Ground out 4-3 (Groundball, 4S, EV 85.6 MPH)
Josh Hall to third
Batting: LHB Rafael Soto 0-0: Called Strike
0-1: Ball
1-1: Ground out 5-3 (Groundball, 56, EV 97.5 MPH)
Bottom of the 1st over - 0 runs, 1 hit, 0 errors, 1 left on base; Tennessee 0 - Levittown 0
TOP OF THE 2ND
Tennessee Smokies batting - Pitching for Levittown Blue Dragons : RHP Francisco Díaz
Batting: RHB Yoshitora Nakayama 0-0: Ball
1-0: Ball
2-0: Called Strike
2-1: Swinging Strike
2-2: Ball
3-2: Strikes out swinging
Batting: RHB Darrell MacGregor 0-0: Called Strike
0-1: Foul Ball, location: 2F
0-2: Ball
1-2: Ground out 4-3 (Groundball, 4, EV 93.1 MPH)
Batting: RHB Dae-jin Dokgo 0-0: Called Strike
0-1: Ball
1-1: DOUBLE (Line Drive, 9LS, EV 98.1 MPH)
Batting: RHB Thad Johnson 0-0: Called Strike
0-1: Ball
1-1: Foul Ball, location: 2F
1-2: Ball
2-2: Ground out 1-3 (Groundball, 15S, EV 71.9 MPH)
Top of the 2nd over - 0 runs, 1 hit, 0 errors, 1 left on base; Tennessee 0 - Levittown 0
BOTTOM OF THE 2ND
Levittown Blue Dragons batting - Pitching for Tennessee Smokies : LHP Jude Twitchen
Batting: RHB Frans Lissenberg 0-0: Ball
1-0: Foul Ball, location: 2F
1-1: Ground out 6-3 (Groundball, 6, EV 91.2 MPH)
Batting: LHB Norm Williams 0-0: Ball
1-0: Ball
2-0: Ball
3-0: Called Strike
3-1: Bunt for hit to 15 - play at first, batter OUT! 1-3
Batting: LHB Ernesto Valenzuela 0-0: Ball
1-0: Ball
2-0: Ball
3-0: Called Strike
3-1: Base on Balls
Batting: SHB Daniel Washington 0-0: Ground out 4-3 (Groundball, 4, EV 107.5 MPH)
Bottom of the 2nd over - 0 runs, 0 hits, 0 errors, 1 left on base; Tennessee 0 - Levittown 0
TOP OF THE 3RD
Tennessee Smokies batting - Pitching for Levittown Blue Dragons : RHP Francisco Díaz
Batting: RHB Dave Dickey 0-0: Called Strike
0-1: Hit by Pitch
Batting: LHB Royce Rolls 0-0: 2-RUN HOME RUN (Flyball, 9D, EV 108.8 MPH), Distance : 392 ft
Batting: LHB Jason Durkin 0-0: Called Strike
0-1: Foul Ball, location: 2F
0-2: Ball
1-2: Foul Ball, location: 2F
1-2: Ball
2-2: Strikes out swinging
Batting: SHB Rafael Villa 0-0: Ball
1-0: Ball
2-0: Ball
3-0: Called Strike
3-1: Fly out, F9 (Flyball, 9, EV 98.1 MPH)
Batting: RHB Benigno Bachelay 0-0: Fly out, F1 (Line Drive, P, EV 70.6 MPH)
Top of the 3rd over - 2 runs, 1 hit, 0 errors, 0 left on base; Tennessee 2 - Levittown 0
BOTTOM OF THE 3RD
Levittown Blue Dragons batting - Pitching for Tennessee Smokies : LHP Jude Twitchen
Batting: RHB Eugene Parker 0-0: Called Strike
0-1: Foul Ball, location: 2F
0-2: TRIPLE (Line Drive, 7D, EV 106.2 MPH)
Batting: LHB Josh Hall 0-0: Fly out, F8 (Flyball, 78S, EV 94.4 MPH)
Batting: RHB Aaron Attyte 0-0: Fly out, F8 (Flyball, 8RS, EV 86.2 MPH)
Batting: RHB Ramón Gabriel 0-0: Called Strike
0-1: Fly out, F7 (Line Drive, 7, EV 95.0 MPH)
Bottom of the 3rd over - 0 runs, 1 hit, 0 errors, 1 left on base; Tennessee 2 - Levittown 0
TOP OF THE 4TH
Tennessee Smokies batting - Pitching for Levittown Blue Dragons : RHP Francisco Díaz
Batting: RHB Yoshitora Nakayama 0-0: Ball
1-0: Called Strike
1-1: Swinging Strike
1-2: Strikes out swinging
Batting: RHB Darrell MacGregor 0-0: Swinging Strike
0-1: Ball
1-1: Ground out 4-3 (Groundball, 4, EV 88.1 MPH)
Batting: RHB Dae-jin Dokgo 0-0: Ball
1-0: Foul Ball, location: 2F
1-1: DOUBLE (Flyball, 78D, EV 96.9 MPH)
Batting: RHB Thad Johnson 0-0: Called Strike
0-1: Swinging Strike
0-2: Strikes out swinging
Top of the 4th over - 0 runs, 1 hit, 0 errors, 1 left on base; Tennessee 2 - Levittown 0
BOTTOM OF THE 4TH
Levittown Blue Dragons batting - Pitching for Tennessee Smokies : LHP Jude Twitchen
Batting: LHB Rafael Soto 0-0: Swinging Strike
0-1: Ball
1-1: Foul Ball, location: 2F
1-2: Foul Ball, location: 2F
1-2: Foul Ball, location: 2F
1-2: Foul Ball, location: 2F
1-2: Ball
2-2: Foul Ball, location: 2F
2-2: Fly out, F7 (Flyball, 7D, EV 85.0 MPH)
Batting: RHB Frans Lissenberg 0-0: Called Strike
0-1: Ball
1-1: Ball
2-1: Ball
3-1: Foul Ball, location: 2F
3-2: Fly out, F8 (Flyball, 89M, EV 83.1 MPH)
Batting: LHB Norm Williams 0-0: Called Strike
0-1: Swinging Strike
0-2: Ball
1-2: Ground out 6-3 (Groundball, 6, EV 87.5 MPH)
Bottom of the 4th over - 0 runs, 0 hits, 0 errors, 0 left on base; Tennessee 2 - Levittown 0
TOP OF THE 5TH
Tennessee Smokies batting - Pitching for Levittown Blue Dragons : RHP Francisco Díaz
Batting: RHB Dave Dickey 0-0: Ball
1-0: Swinging Strike
1-1: Swinging Strike
1-2: Ball
2-2: Strikes out swinging
Batting: LHB Royce Rolls 0-0: Ground out 1-3 (Groundball, 34S, EV 80.6 MPH)
Batting: LHB Jason Durkin 0-0: Ball
1-0: SINGLE (Flyball, 9, EV 83.8 MPH)
Batting: SHB Rafael Villa 0-0: Called Strike
0-1: Ball
1-1: Ground out 4-3 (Groundball, 34, EV 91.2 MPH)
Top of the 5th over - 0 runs, 1 hit, 0 errors, 1 left on base; Tennessee 2 - Levittown 0
BOTTOM OF THE 5TH
Levittown Blue Dragons batting - Pitching for Tennessee Smokies : LHP Jude Twitchen
Batting: LHB Ernesto Valenzuela 0-0: Ball
1-0: SINGLE (Line Drive, 78S, EV 107.5 MPH)
Batting: SHB Daniel Washington 0-0: Ball
1-0: Sac Bunt to 2L - play at first, batter OUT! 2-4
Ernesto Valenzuela to second
Batting: RHB Eugene Parker 0-0: SINGLE (Groundball, 6D, EV 100.6 MPH)
Ernesto Valenzuela to third
Runner from 3rd tries for Home, SAFE, throw by CF to home
Batting: LHB Josh Hall 0-0: Ball
1-0: Foul Ball, location: 2F
1-1: Ball
2-1: SINGLE (Groundball, 3, EV 81.2 MPH) (infield hit)
Eugene Parker to second
Batting: RHB Aaron Attyte 0-0: Ball
1-0: Ball
2-0: Called Strike
2-1: Foul Ball, location: 2F
2-2: Foul Ball, location: 2F
2-2: Grounds into double play, 1-6-3 (Groundball, 13, EV 90.0 MPH)
Bottom of the 5th over - 1 run, 3 hits, 0 errors, 1 left on base; Tennessee 2 - Levittown 1
TOP OF THE 6TH
Tennessee Smokies batting - Pitching for Levittown Blue Dragons : RHP Francisco Díaz
Batting: RHB Benigno Bachelay 0-0: Fly out, F8 (Line Drive, 8LM, EV 87.5 MPH)
Batting: RHB Yoshitora Nakayama 0-0: Ball
1-0: Foul Ball, location: 2F
1-1: Swinging Strike
1-2: Foul Ball, location: 2F
1-2: Ball
2-2: Strikes out swinging
Batting: RHB Darrell MacGregor 0-0: DOUBLE (Line Drive, 89XD, EV 108.1 MPH)
Batting: RHB Dae-jin Dokgo 0-0: Called Strike
0-1: Foul Ball, location: 2F
0-2: Foul Ball, location: 2F
0-2: Ball
1-2: Foul Ball, location: 2F
1-2: Foul Ball, location: 2F
1-2: Ball
2-2: Foul Ball, location: 2F
2-2: Ball
3-2: Base on Balls
Batting: RHB Thad Johnson 0-0: Ball
1-0: Fielders Choice at 2nd, 6-4 (Groundball, 56, EV 81.2 MPH)
Top of the 6th over - 0 runs, 1 hit, 0 errors, 2 left on base; Tennessee 2 - Levittown 1
BOTTOM OF THE 6TH
Levittown Blue Dragons batting - Pitching for Tennessee Smokies : LHP Jude Twitchen
Batting: RHB Ramón Gabriel 0-0: Ground out 6-3 (Groundball, 6, EV 88.8 MPH)
Batting: LHB Rafael Soto 0-0: Ball
1-0: Ball
2-0: Foul Ball, location: 2F
2-1: Ball
3-1: Swinging Strike
3-2: Foul Ball, location: 2F
3-2: Foul Ball, location: 2F
3-2: Fly out, F8 (Flyball, 8RD, EV 94.4 MPH)
Batting: RHB Frans Lissenberg 0-0: Ball
1-0: Ball
2-0: Called Strike
2-1: Ground out 5-3 (Groundball, 56, EV 99.4 MPH)
Bottom of the 6th over - 0 runs, 0 hits, 0 errors, 0 left on base; Tennessee 2 - Levittown 1
TOP OF THE 7TH
Tennessee Smokies batting - Pitching for Levittown Blue Dragons : RHP Francisco Díaz
Batting: RHB Dave Dickey 0-0: Called Strike
0-1: Ball
1-1: Foul Ball, location: 2F
1-2: Ball
2-2: Foul Ball, location: 2F
2-2: SINGLE (Flyball, 89S, EV 89.4 MPH)
Pitching: RHP Shawn Adams
Batting: LHB Royce Rolls 0-0: Sac Bunt to 13S - play at first, batter OUT! 1-4
Dave Dickey to second
Batting: LHB Jason Durkin 0-0: Ball
1-0: Ball
2-0: Ball
3-0: Called Strike
3-1: Fly out, F8 (Flyball, 8LM, EV 97.5 MPH)
Batting: SHB Rafael Villa 0-0: Foul Ball, location: 2F
0-1: Ball
1-1: Foul Ball, location: 2F
1-2: Fly out, F8 (Line Drive, 8LD, EV 92.5 MPH)
Top of the 7th over - 0 runs, 1 hit, 0 errors, 1 left on base; Tennessee 2 - Levittown 1
BOTTOM OF THE 7TH
Levittown Blue Dragons batting - Pitching for Tennessee Smokies : LHP Jude Twitchen
Batting: LHB Norm Williams 0-0: Ball
1-0: Fly out, F8 (Line Drive, 8RD, EV 92.5 MPH)
Batting: LHB Ernesto Valenzuela 0-0: Called Strike
0-1: Called Strike
0-2: Ball
1-2: Foul Ball, location: 2F
1-2: Ball
2-2: Ball
3-2: Fly out, F7 (Flyball, 78S, EV 85.6 MPH)
Batting: SHB Daniel Washington 0-0: Ball
1-0: Ground out 6-3 (Groundball, 6, EV 81.2 MPH)
Bottom of the 7th over - 0 runs, 0 hits, 0 errors, 0 left on base; Tennessee 2 - Levittown 1
TOP OF THE 8TH
Tennessee Smokies batting - Pitching for Levittown Blue Dragons : RHP Shawn Adams
Batting: RHB Benigno Bachelay 0-0: Ball
1-0: SINGLE (Groundball, 34D, EV 95.6 MPH)
Batting: RHB Yoshitora Nakayama 0-0: Ball
1-0: Fielders Choice at 2nd, 6-4 (Groundball, 6, EV 110.0 MPH)
Batting: RHB Darrell MacGregor 0-0: Foul Ball, location: 2F
0-1: Fly out, F8 (Line Drive, 8LM, EV 93.1 MPH)
Batting: RHB Dae-jin Dokgo 0-0: Ball
1-0: Foul Ball, location: 2F
1-1: Ball
2-1: Ball
Wild Pitch!
Yoshitora Nakayama to second
3-1: Swinging Strike
3-2: Strikes out swinging
Top of the 8th over - 0 runs, 1 hit, 0 errors, 1 left on base; Tennessee 2 - Levittown 1
BOTTOM OF THE 8TH
Levittown Blue Dragons batting - Pitching for Tennessee Smokies : LHP Jude Twitchen
Batting: RHB Eugene Parker 0-0: Ball
1-0: Ball
2-0: Foul Ball, location: 2F
2-1: Ball
3-1: Base on Balls
Batting: LHB Josh Hall 0-0: Ball
1-0: Sac Bunt to 15 - play at first, batter OUT! 1-4
Eugene Parker to second
Batting: RHB Aaron Attyte 0-0: Ball
1-0: Reached on error, E4 (Groundball, 4, EV 85.0 MPH)
Eugene Parker to third
Pitching: RHP Harold Hunter
Batting: RHB Ramón Gabriel 0-0: Ball
1-0: Ball
Wild Pitch!
Eugene Parker scores
Aaron Attyte to second
2-0: Fly out, F9 (Line Drive, 9, EV 90.0 MPH)
Batting: LHB Rafael Soto 0-0: Foul Ball, location: 2F
0-1: Ground out 5-3 (Groundball, 56S, EV 88.1 MPH)
Bottom of the 8th over - 1 run, 0 hits, 1 error, 1 left on base; Tennessee 2 - Levittown 2
TOP OF THE 9TH
Tennessee Smokies batting - Pitching for Levittown Blue Dragons : RHP Shawn Adams
Pinch Hitting: LHB Vance Lee 0-0: Foul Ball, location: 2F
0-1: Foul Ball, location: 2F
0-2: Ball
1-2: Ball
2-2: Ground out 4-3 (Groundball, 4, EV 106.2 MPH)
Batting: RHB Dave Dickey 0-0: Called Strike
0-1: Ball
1-1: Called Strike
1-2: Strikes out swinging
Batting: LHB Royce Rolls 0-0: Foul Ball, location: 2F
0-1: Ball
1-1: Fly out, F8 (Flyball, 78M, EV 73.8 MPH)
Top of the 9th over - 0 runs, 0 hits, 0 errors, 0 left on base; Tennessee 2 - Levittown 2
BOTTOM OF THE 9TH
Levittown Blue Dragons batting - Pitching for Tennessee Smokies : RHP Harold Hunter
Now at C: Cleaver Greene
Pinch Hitting: RHB Kent Luper 0-0: Ground out 5-3 (Groundball, 5, EV 98.8 MPH)
Batting: LHB Norm Williams 0-0: Called Strike
0-1: Ball
1-1: Ground out U3 (Groundball, 3S, EV 86.2 MPH)
Batting: LHB Ernesto Valenzuela 0-0: Foul Ball, location: 2F
0-1: Called Strike
0-2: Ball
1-2: Strikes out swinging
Bottom of the 9th over - 0 runs, 0 hits, 0 errors, 0 left on base; Tennessee 2 - Levittown 2
TOP OF THE 10TH
Tennessee Smokies batting - Pitching for Levittown Blue Dragons : RHP Shawn Adams
Pitching: RHP César Cruz
Now at SS: Abednego Ashpenaz
Batting: LHB Jason Durkin 0-0: Ball
1-0: Ground out U3 (Groundball, 34, EV 103.1 MPH)
Batting: SHB Rafael Villa 0-0: Called Strike
0-1: Ball
1-1: Ball
2-1: Ball
3-1: SINGLE (Groundball, 2L, EV 76.9 MPH) (infield hit)
Batting: RHB Benigno Bachelay 0-0: Called Strike
0-1: Foul Ball, location: 2F
0-2: Ball
1-2: SINGLE (Line Drive, 89M, EV 98.8 MPH)
Rafael Villa to second
Batting: RHB Yoshitora Nakayama 0-0: Called Strike
0-1: Ball
1-1: Foul Ball, location: 2F
1-2: Ball
2-2: Foul Ball, location: 2F
2-2: Strikes out looking
Batting: RHB Darrell MacGregor 0-0: Called Strike
0-1: Ground out 4-3 (Groundball, 34, EV 101.9 MPH)
Top of the 10th over - 0 runs, 2 hits, 0 errors, 2 left on base; Tennessee 2 - Levittown 2
BOTTOM OF THE 10TH
Levittown Blue Dragons batting - Pitching for Tennessee Smokies : RHP Harold Hunter
Batting: SHB Daniel Washington 0-0: Ball
1-0: Ball
2-0: Ball
3-0: Called Strike
3-1: Foul Ball, location: 2F
3-2: Strikes out swinging
Batting: RHB Eugene Parker 0-0: Called Strike
0-1: DOUBLE (Flyball, 78XD, EV 103.1 MPH)
Batting: LHB Josh Hall 0-0: Intentional Walk
Batting: RHB Aaron Attyte 0-0: Ball
1-0: Called Strike
1-1: Foul Ball, location: 2F
1-2: Strikes out looking
Batting: RHB Ramón Gabriel 0-0: Ball
1-0: Called Strike
1-1: Ball
2-1: Swinging Strike
2-2: Ball
3-2: Strikes out looking
Bottom of the 10th over - 0 runs, 1 hit, 0 errors, 2 left on base; Tennessee 2 - Levittown 2
TOP OF THE 11TH
Tennessee Smokies batting - Pitching for Levittown Blue Dragons : RHP César Cruz
Pitching: RHP Rafael Ramos
Batting: RHB Dae-jin Dokgo 0-0: Ball
1-0: SINGLE (Line Drive, 34, EV 96.2 MPH)
Batting: RHB Cleaver Greene 0-0: Sac Bunt to 25 - play at first, batter OUT! 5-4
Dae-jin Dokgo to second
Batting: RHB Dave Dickey 0-0: Foul Ball, location: 2F
0-1: Foul Ball, location: 2F
0-2: Strikes out looking
Batting: LHB Royce Rolls 0-0: Called Strike
0-1: Ball
1-1: Ball
2-1: Swinging Strike
2-2: Foul Ball, location: 2F
2-2: Ball
3-2: Ground out 1-3 (Groundball, 34S, EV 86.9 MPH)
Top of the 11th over - 0 runs, 1 hit, 0 errors, 1 left on base; Tennessee 2 - Levittown 2
BOTTOM OF THE 11TH
Levittown Blue Dragons batting - Pitching for Tennessee Smokies : RHP Harold Hunter
Pitching: RHP Kyle Hayes
Batting: LHB Rafael Soto 0-0: Foul Ball, location: 2F
0-1: Foul Ball, location: 2F
0-2: Ball
1-2: Strikes out swinging
Batting: RHB Abednego Ashpenaz 0-0: Called Strike
0-1: Ball
1-1: Foul Ball, location: 2F
1-2: Foul Ball, location: 2F
1-2: SINGLE (Line Drive, 8LS, EV 104.4 MPH)
Batting: LHB Norm Williams 0-0: Called Strike
Abednego Ashpenaz steals 2nd base
0-1: Ball
1-1: Ball
2-1: Swinging Strike
2-2: Foul Ball, location: 2F
2-2: Strikes out swinging
Batting: LHB Ernesto Valenzuela 0-0: Intentional Walk
Batting: SHB Daniel Washington 0-0: Called Strike
0-1: Ground out 4-3 (Groundball, 4, EV 98.8 MPH)
Bottom of the 11th over - 0 runs, 1 hit, 0 errors, 2 left on base; Tennessee 2 - Levittown 2
TOP OF THE 12TH
Tennessee Smokies batting - Pitching for Levittown Blue Dragons : RHP Rafael Ramos
Batting: LHB Jason Durkin 0-0: Swinging Strike
0-1: Swinging Strike
0-2: Strikes out looking
Batting: SHB Rafael Villa 0-0: Called Strike
0-1: DOUBLE (Groundball, 3L, EV 108.1 MPH)
Batting: RHB Benigno Bachelay 0-0: Intentional Walk
Batting: RHB Yoshitora Nakayama 0-0: Called Strike
0-1: Foul Ball, location: 2F
0-2: Ball
1-2: Ball
2-2: Ball
3-2: Foul Ball, location: 2F
3-2: Base on Balls
Rafael Villa to third
Benigno Bachelay to second
Batting: RHB Darrell MacGregor 0-0: SINGLE (Groundball, 6, EV 78.1 MPH) (infield hit)
Rafael Villa scores
Benigno Bachelay to third
Yoshitora Nakayama to second
Batting: RHB Dae-jin Dokgo 0-0: Called Strike
0-1: Fly out, F9 (Flyball, 89S, EV 88.8 MPH)
Batting: RHB Cleaver Greene 0-0: Ball
1-0: Foul Ball, location: 2F
1-1: Called Strike
1-2: Ball
2-2: Ground out 5-3 (Groundball, 56S, EV 68.1 MPH)
Top of the 12th over - 1 run, 2 hits, 0 errors, 3 left on base; Tennessee 3 - Levittown 2
BOTTOM OF THE 12TH
Levittown Blue Dragons batting - Pitching for Tennessee Smokies : RHP Kyle Hayes
Now in CF: Terjo Ridanpää
Batting: RHB Eugene Parker 0-0: Ball
1-0: Swinging Strike
1-1: SOLO HOME RUN (Flyball, 7LD, EV 101.9 MPH), Distance : 347 ft
Batting: LHB Josh Hall 0-0: Swinging Strike
0-1: Ball
1-1: Foul Ball, location: 2F
1-2: Ball
2-2: Strikes out swinging
Batting: RHB Aaron Attyte 0-0: Swinging Strike
0-1: Ball
1-1: SOLO HOME RUN (Flyball, 9D, EV 108.1 MPH), Distance : 395 ft
Friday, March 26th, 2021 - OOTP Baseball 20.8 Build 74